 Dungeon Crawl Stone Soup version 0.18-a0-1070-gd466a24 (webtiles) character file.

733 ater218 the Magician (level 7, -1/36 HPs)
             Began as a Deep Elf Fire Elementalist on Jan 13, 2016.
             Was an Initiate of Kikubaaqudgha.
             Slain by an orc priest (3 damage)
             ... on level 4 of the Dungeon.
             The game lasted 00:36:24 (5541 turns).

ater218 the Magician (Deep Elf Fire Elementalist)   Turns: 5541, Time: 00:36:24

Health: -1/36      AC:  3    Str:  5    XL:     7   Next: 45%
Magic:  16/27      EV: 13    Int: 22    God:    Kikubaaqudgha [......]
Gold:   231        SH:  0    Dex: 15    Spells: 3 memorised, 10 levels left

rFire  . . .     SeeInvis .     m - +1 trident (freeze)
rCold  . . .     Gourm    .     e - +0 robe
rNeg   . . .     Faith    +     (no shield)
rPois  .         Spirit   .     (no helmet)
rElec  .         Dismiss  .     f - +0 cloak
rCorr  .         Reflect  .     (no gloves)
SustAt .         Harm     .     (no boots)
MR     .....                    i - amulet of faith
Stlth  +++.......               l - ring of magical power
                                k - ring of flight

@: about to teleport, not resistant to hostile enchantments, fairly stealthy
A: no striking features
a: Renounce Religion, Evoke Flight


You were on level 4 of the Dungeon.
You worshipped Kikubaaqudgha.
Kikubaaqudgha was noncommittal.
You were not hungry.

You visited 2 branches of the dungeon, and saw 6 of its levels.

You collected 231 gold pieces.

Inventory:

Hand Weapons
 m - a +1 trident of freezing (weapon)
Armour
 e - a +0 robe (worn)
 f - a +0 cloak (worn)
Jewellery
 i - an amulet of faith (around neck)
 k - a ring of flight (left hand)
 l - a ring of magical power (right hand)
Wands
 q - a wand of confusion (23/48)
Scrolls
 d - a scroll of magic mapping
 g - a scroll of remove curse {unknown}
 j - 6 scrolls of identify
 n - a scroll of enchant weapon
Books
 b - a book of Flames

   Spells                             Type                      Level
   a - Flame Tongue                   Conjuration/Fire             1
   b - Throw Flame                    Conjuration/Fire             2
   c - Conjure Flame                  Conjuration/Fire             3
   d - Inner Flame                    Hexes/Fire                   3
   e - Sticky Flame                   Conjuration/Fire             4
   f - Fireball                       Conjuration/Fire             5
Comestibles
 c - 6 bread rations
 h - 4 meat rations
 p - 3 fruits


   Skills:
 + Level 3.4 Dodging
 + Level 3.8 Stealth
 + Level 6.1 Spellcasting
 * Level 5.4 Conjurations
 + Level 5.5 Fire Magic


You had 10 spell levels left.
You knew the following spells:

 Your Spells              Type           Power        Failure   Level  Hunger
a - Flame Tongue          Conj/Fire      ####.        1%          1    None
b - Throw Flame           Conj/Fire      ####..       1%          2    None
c - Fireball              Conj/Fire      ####......   28%         5    #####..


Dungeon Overview and Level Annotations

Branches:
Dungeon (5/15)             Temple (1/1) D:4

Altars:
Cheibriados
Dithmenos
Gozag
Kikubaaqudgha
Nemelex Xobeh
Okawaru
Qazlal
Ru
Vehumet
Xom
Yredelemnul
The Shining One


Message History

Aim: an orc The flame tongue hits the orc.
You kill the orc!
Kikubaaqudgha accepts your kill. The orc priest closely misses you.
The orc wizard closely misses you.
Casting: Flame Tongue
Confirm with . or Enter, or press ? or * to list all spells.
Aiming: Flame Tongue
Press: ? - help, Shift-Dir - straight line, f - orc priest
Aim: an orc priest, wearing a chain mail The flame tongue hits the orc priest.
The orc priest is almost dead.
The orc priest mumbles some strange prayers to Beogh against you.
Something smites you!
* * * LOW HITPOINT WARNING * * *
The orc wizard barely misses you.
As you read the scroll of teleportation, it crumbles to dust.
You feel strangely unstable. The orc priest hits you.
You die...
Kikubaaqudgha rasps: "You have failed me!
Welcome... death!"

.#.....#.........######'##......'
.#.....'.........##.....##......#
.##....#................##......#
###....#................##'######
.#.....#.##.##...##.....##.......
.'.....#.#...#[..#########.......
.###..##.#...#..........######..#
.###..##.#8_8#..o.......##..##..#
.........#####.†@##.....##..#...#
..........#.....o#####'###..#...#
..........#......#..........'...#
..........#......+..........#...#
..#..###..##.....##.....##..##..#
.#######..##)....##.....##..##..#
.# #.....#.............#........
## #.....#.............#........
#.^...#.............##..###'#


You could see an orc priest and an orc wizard.

Vanquished Creatures
  Sigmund (D:3)
  A phantom (D:4)
  2 scorpions
  An orc wizard (D:5)
  Jessica (D:3)
  Terence (D:1)
  Natasha (thrice) (D:3)
  2 worker ants (D:4)
  8 adders
  6 worms
  4 giant geckos
  3 orcs
  7 giant cockroaches
  6 goblins
  9 hobgoblins
  5 jackals
  2 quokkas
  3 ball pythons
  8 bats
  6 giant newts
  3 kobolds (D:3)
  8 rats
90 creatures vanquished.

Vanquished Creatures (others)
  A hobgoblin (D:3)
1 creature vanquished.

Grand Total: 91 creatures vanquished

Notes
Turn   | Place    | Note
--------------------------------------------------------------
     0 | D:1      | ater218 the Deep Elf Fire Elementalist began the quest for the Orb.
     0 | D:1      | Reached XP level 1. HP: 10/10 MP: 6/6
    72 | D:1      | Reached XP level 2. HP: 10/15 MP: 1/8
   766 | D:2      | Noticed Terence
   787 | D:1      | Killed Terence
   787 | D:1      | Reached skill level 4 in Fire Magic
   787 | D:1      | Reached XP level 3. HP: 6/19 MP: 0/10
  1111 | D:2      | Learned a level 2 spell: Throw Flame
  1133 | D:2      | Gained mutation: You are dopey. (Int -2) [potion of mutation]
  1133 | D:2      | Gained mutation: You occasionally shout uncontrollably at your foes. [potion of mutation]
  1133 | D:2      | Gained mutation: Your system is resistant to poisons. [potion of mutation]
  1177 | D:2      | Reached XP level 4. HP: 24/24 MP: 2/11
  1208 | D:2      | Found a snail-covered altar of Cheibriados.
  1549 | D:2      | Lost mutation: You are dopey. (Int -2) [potion of cure mutation]
  1549 | D:2      | Lost mutation: Your system is resistant to poisons. [potion of cure mutation]
  1549 | D:2      | Lost mutation: You occasionally shout uncontrollably at your foes. [potion of cure mutation]
  2186 | D:3      | Found a faded altar to an unknown god.
  2417 | D:3      | Reached XP level 5. HP: 28/28 MP: 13/13
  2671 | D:3      | Noticed Natasha
  2673 | D:3      | Killed Natasha
  2898 | D:3      | Noticed Jessica
  2900 | D:3      | Killed Jessica
  2907 | D:3      | Noticed Natasha
  2909 | D:3      | Killed Natasha
  3145 | D:3      | Noticed Sigmund
  3197 | D:3      | HP: 1/28 [Sigmund/puff of flame (7)]
  3623 | D:3      | Killed Sigmund
  3623 | D:3      | Reached skill level 5 in Spellcasting
  3623 | D:3      | Reached skill level 5 in Fire Magic
  3623 | D:3      | Reached XP level 6. HP: 13/32 MP: 15/15
  3882 | D:3      | Noticed Natasha
  3886 | D:3      | Killed Natasha
  4095 | D:4      | Found a staircase to the Ecumenical Temple.
  4109 | Temple   | Entered the Ecumenical Temple
  4501 | D:4      | Found a glowing golden altar of the Shining One.
  4641 | D:4      | Found an opulent altar of Gozag.
  4673 | D:4      | Reached XP level 7. HP: 36/36 MP: 17/17
  4807 | D:4      | Reached skill level 5 in Conjurations
  5158 | D:5      | Entered Level 5 of the Dungeon
  5179 | D:5      | Found an ancient bone altar of Kikubaaqudgha.
  5187 | D:5      | Became a worshipper of Kikubaaqudgha
  5237 | D:5      | Reached skill level 6 in Spellcasting
  5291 | D:5      | Learned a level 5 spell: Fireball
  5541 | D:4      | Slain by an orc priest

Vault maps used:
D:1:      dpeg_arrival_round_c, minivault_26
D:2:      cheibriados_altar_1, hex_medium, uniq_terence
D:3:      ecumenical_altar_2, uniq_sigmund, uniq_jessica, uniq_natasha
D:4:      old_standard_altar, grunt_gozag_breadcrumbs, minmay_temple_entry_trees
D:5:      wad_crossroads, gammafunk_temple_overflow_pools, lemuel_crystal_altar,
          first_bread, nrook_pool_corridor, uniq_eustachio
Temple:   minmay_temple_curvy_8

Action                   |  1- 3 |  4- 6 |  7- 9 || total
-------------------------+-------+-------+-------++-------
Melee: Unarmed           |     6 |       |       ||     6
       Trident           |       |     2 |    32 ||    34
 Cast: Flame Tongue      |    42 |    36 |    16 ||    94
       Throw Flame       |     4 |    88 |    21 ||   113
 Abil: Evoke Flight      |       |     1 |       ||     1
Evoke: Wand              |       |       |     1 ||     1
  Use: Scroll            |     3 |     3 |     1 ||     7
       Potion            |     8 |     4 |     1 ||    13
  Eat: Chunk             |     1 |    11 |     2 ||    14
       Beef jerky        |       |     1 |       ||     1
       Fruit             |       |       |     1 ||     1
